 Dungeon Crawl Stone Soup version 0.31.0-32-g396128a36d (webtiles) character file.

Game seed: 16141037168146062681

260 PaiMei the Grave Robber (level 5, -4/38 HPs)
             Began as a Demonspawn Necromancer on Apr 2, 2024.
             Slain by Grinder (5 damage)
             ... on level 4 of the Dungeon.
             The game lasted 00:04:49 (4949 turns).

PaiMei the Grave Robber (Demonspawn Necromancer)    Turns: 4949, Time: 00:04:49

Health: -4/38      AC:  5    Str:  8    XL:     5   Next: 95%
Magic:  9/9        EV: 13    Int: 23    God:
Gold:   304        SH:  0    Dex: 20    Spells: 6/10 levels left

rFire   . . .        v - +1 dagger (venom)
rCold   . . .        (no shield)
rNeg    . . .        a - +0 robe
rPois   .            (no helmet)
rElec   .            r - +0 cloak
rCorr   .            (no gloves)
SInv    .            (no boots)
Will    .....        (no amulet)
Stlth   ++           j - +6 ring of intelligence
HPRegen 0.26/turn    q - +6 ring of dexterity
MPRegen 0.11/turn

%: no passive effects
@: no status effects
A: claws 1, yellow scales 1
a: no special abilities


You were on level 4 of the Dungeon.
You visited 1 branch of the dungeon, and saw 4 of its levels.

You collected 304 gold pieces.

Inventory:

Hand Weapons
 g - a +0 short sword
 v - a +1 dagger of venom (weapon)
Missiles
 i - 5 curare-tipped darts (quivered)
 o - 6 poisoned darts
Armour
 a - a +0 robe (worn)
 r - a +0 cloak (worn)
Jewellery
 j - a +6 ring of intelligence (left claw)
 p - a ring of ice
 q - a +6 ring of dexterity (right claw)
Wands
 x - a wand of digging (6)
Scrolls
 c - a scroll of teleportation {unknown}
 d - a scroll of torment {unknown}
 f - 3 scrolls of vulnerability {unknown}
 h - a scroll of immolation {unknown}
 m - 2 scrolls of identify {unknown}
 n - a scroll of fog {unknown}
 w - a scroll of enchant armour {unknown}
 y - a scroll of revelation {unknown}
 z - a scroll of poison {unknown}
Potions
 b - a potion of magic
 e - 2 potions of mutation {unknown}
 k - a potion of curing {unknown}
 l - 2 potions of attraction {unknown}
 s - a potion of invisibility {unknown}
 t - 2 potions of resistance {unknown}
 u - 2 potions of haste {unknown}
 A - a potion of heal wounds {unknown}


   Skills:
 + Level 1.8 Fighting
 + Level 3.1 Dodging
 - Level 2.5 Stealth
 + Level 3.3 Spellcasting
 + Level 5.5 Necromancy


You had 6 spell levels left.
You knew the following spells:

 Your Spells              Type           Power      Damage    Failure   Level
a - Necrotise             Necr           100%       1d9       1%          1
b - Vampiric Draining     Necr           29%        2d8       3%          3

Your spell library contained the following spells:

 Spells                   Type           Power      Damage    Failure   Level
 Slow                     Hex            12%        N/A       12%         1
 Animate Dead             Necr           29%        N/A       12%         4
 Curse of Agony           Necr           29%        N/A       32%         5
 Confusing Touch          Hex            3%         N/A       34%         3
 Sigil of Binding         Hex            3%         N/A       34%         3
 Haunt                    Necr/Summ      8%         N/A       100%        7
 Infestation              Necr           14%        N/A       100%        8


Dungeon Overview and Level Annotations

Branches:
Dungeon (4/15)
 Temple: D:4-7

Altars:

Shops:
D:1 [

Annotations:
D:4 Grinder


Innate Abilities, Weirdness & Mutations

You have sharp fingernails.
You are partially covered in yellow scales. (AC +2)


Message History

Grinder barely misses you.
You hit Grinder but do no damage.
Grinder is heavily wounded.
Grinder blinks!
Okay, then.
You start resting.
Grinder is nearby!
Grinder closely misses you.
You hit Grinder but do no damage.
Grinder is moderately wounded.
Grinder barely misses you.
You hit Grinder but do no damage.
Grinder looks even sicker.
Grinder is moderately wounded.
Grinder hits you but does no damage.
You hit Grinder.
Grinder is heavily wounded.
Grinder hits you!
* * * LOW HITPOINT WARNING * * *
You writhe in agony.
* * * LOW HITPOINT WARNING * * *
You hit Grinder.
Grinder is heavily wounded.
Grinder hits you but does no damage.
You hit Grinder but do no damage.
Grinder is severely wounded.
Grinder hits you.
* * * LOW HITPOINT WARNING * * *
You closely miss Grinder.
Grinder is severely wounded.
Grinder barely misses you.
You closely miss Grinder.
Grinder is severely wounded.
Grinder closely misses you.
You hit Grinder but do no damage.
Grinder is severely wounded.
Grinder hits you.
* * * LOW HITPOINT WARNING * * *
You writhe in agony.
You die...
Grinder says, "Hey, I wasn't done torturing you yet!"

..###..............# ######
..##..........###..######.###
...#.(###.....###...#.##....#
...#.># ###...........##...##
.....## ##......##.......##
......####........###.##.##
.................###..####
.................#.#..#
............<..5@..#..#
.##...................#
####.................##
...............<.....#
................##..##
............#....####
..........###..###
..........# ### ........>.#


You could see Grinder (very poisoned).

Vanquished Creatures
  An orc priest (D:4)
  2 orc wizards
  5 adders
  4 gnolls (D:3)
  5 dart slugs
  A ribbon worm (D:3)
  9 orcs
  2 endoplasms
  6 giant cockroaches
  2 goblins
  6 hobgoblins
  4 jackals (D:1)
  3 quokkas
  6 ball pythons
  9 bats
  4 frilled lizards
  7 kobolds
  5 rats
81 creatures vanquished.

Vanquished Creatures (collateral kills)
  A hobgoblin (D:2)
1 creature vanquished.

Grand Total: 82 creatures vanquished

Notes
Turn   | Place    | Note
-------+----------+-------------------------------------------
     0 | D:1      | PaiMei the Demonspawn Necromancer began the quest for the
                  | Orb.
     0 | D:1      | Reached XP level 1. HP: 13/13 MP: 3/3
   261 | D:1      | Found Mihaippy's Antique Armour Emporium.
   403 | D:1      | Gained mutation: You are partially covered in yellow
                  | scales. (AC +2) [demonic ancestry]
   403 | D:1      | Reached XP level 2. HP: 19/19 MP: 0/5
  1361 | D:1      | Reached XP level 3. HP: 24/24 MP: 2/6
  2256 | D:2      | Reached skill level 5 in Necromancy
  2271 | D:2      | Gained mutation: You have sharp fingernails. [demonic
                  | ancestry]
  2271 | D:2      | Reached XP level 4. HP: 30/30 MP: 4/7
  2390 | D:2      | Learned a level 3 spell: Vampiric Draining
  3666 | D:3      | Reached skill level 1 in Fighting
  3920 | D:3      | Reached XP level 5. HP: 33/37 MP: 4/9
  4509 | D:4      | Noticed Grinder
  4949 | D:4      | HP: 1/38 [Grinder (6)]
  4949 | D:4      | Slain by Grinder

Illustrated notes

Levels and vault maps discovered:
D:1:      lightli_iron_boxes, layout_loops_corners, serial_co_window_serial,
          co_window_corner_a, co_window_corner_a, co_window_paths_a,
          co_window_paths_b, co_window_paths_a, co_window_corner_b,
          co_window_unsneaky_path_c, co_window_2corner, co_window_paths_d,
          glass_columns_a, serial_shops, nicolae_shop_overgrown_old_shop,
          corexii_corridor_pit
D:2:      cheibrodos_old_hovel, layout_loops_corners, kennysheep_generic_room_13
D:3:      layout_basic
D:4:      layout_cave_pools, uniq_grinder

Skill      XL: |  1  2  3  4  5 |
---------------+----------------+-----
Stealth        | 2 |  2.5
Dodging        | 2 3 |  3.1
Necromancy     | 5 |  5.5
Fighting       | 1 |  1.8
Spellcasting   | 3 |  3.3

Action                     |  1- 3 |  4- 6 || total
---------------------------+-------+-------++-------
  Melee: Unarmed           |    15 |       ||    15
         Dagger            |       |    19 ||    19
   Cast: Necrotise         |    67 |    75 ||   142
         Vampiric Draining |       |     3 ||     3
   Stab: Sleeping          |       |     1 ||     1
 Armour: Robe              |     9 |    22 ||    31
  Dodge: Dodged            |    23 |    20 ||    43
